Workbook

Sheet Como usar
A1: Planilha de custo de produção — Safra Controlada
A2: Quanto custou cada talhão, quanto custou por hectare e quanto sobrou da safra.
A4: 1. Na aba Talhões, cadastre cada área com o tamanho em hectares (1 alqueire paulista = 2,42 ha; mineiro = 4,84 ha).
A5: 2. Na aba Lançamentos, anote cada gasto: data, talhão, tipo (mão de obra, máquina, serviço, insumo ou outros), quantidade e valor.
A6: 3. Na aba Colheita, anote cada colheita: talhão, quantidade, unidade (saca, caixa, kg…) e preço.
A7: 4. A aba Resumo calcula sozinha: custo total, custo por hectare, custo por tipo, receita, margem e custo por unidade colhida.
A9: As linhas marcadas como Exemplo mostram como preencher. Apague-as antes de usar.
A10: Só preencha as colunas brancas: as verdes têm fórmula.
A12: Quer fazer isso no celular, com foto, mesmo sem sinal, e sem digitar duas vezes?
A13: O Safra Controlada faz essas contas sozinho e é grátis para começar: https://safracontrolada.com.br/?utm_source=planilha

Sheet Resumo
A1: Talhão | B1: Área (ha) | C1: Custo total (R$) | D1: Custo por ha (R$) | E1: Mão de obra (R$) | F1: Máquina (R$) | G1: Serviço (R$) | H1: Insumo (R$) | I1: Outros (R$) | J1: Produção | K1: Receita (R$) | L1: Margem (R$) | M1: Custo por unidade colhida (R$) | N1: Produção por ha
A2: =IF('Talhões'!A2="","",'Talhões'!A2) | B2: =IF('Talhões'!A2="","",'Talhões'!B2) | C2: =IF('Talhões'!A2="","",SUMIFS('Lançamentos'!$H$2:$H$301,'Lançamentos'!$B$2:$B$301,A2)) | D2: =IF('Talhões'!A2="","",IFERROR(C2/B2,"")) | E2: =IF('Talhões'!A2="","",SUMIFS('Lançamentos'!$H$2:$H$301,'Lançamentos'!$B$2:$B$301,A2,'Lançamentos'!$C$2:$C$301,"Mão de obra")) | F2: =IF('Talhões'!A2="","",SUMIFS('Lançamentos'!$H$2:$H$301,'Lançamentos'!$B$2:$B$301,A2,'Lançamentos'!$C$2:$C$301,"Máquina")) | G2: =IF('Talhões'!A2="","",SUMIFS('Lançamentos'!$H$2:$H$301,'Lançamentos'!$B$2:$B$301,A2,'Lançamentos'!$C$2:$C$301,"Serviço")) | H2: =IF('Talhões'!A2="","",SUMIFS('Lançamentos'!$H$2:$H$301,'Lançamentos'!$B$2:$B$301,A2,'Lançamentos'!$C$2:$C$301,"Insumo")) | I2: =IF('Talhões'!A2="","",SUMIFS('Lançamentos'!$H$2:$H$301,'Lançamentos'!$B$2:$B$301,A2,'Lançamentos'!$C$2:$C$301,"Outros")) | J2: =IF('Talhões'!A2="","",SUMIFS('Colheita'!$C$2:$C$301,'Colheita'!$B$2:$B$301,A2)) | K2: =IF('Talhões'!A2="","",SUMIFS('Colheita'!$F$2:$F$301,'Colheita'!$B$2:$B$301,A2)) | L2: =IF('Talhões'!A2="","",K2-C2) | M2: =IF('Talhões'!A2="","",IF(J2=0,"",C2/J2)) | N2: =IF('Talhões'!A2="","",IFERROR(J2/B2,""))
A3: =IF('Talhões'!A3="","",'Talhões'!A3) | B3: =IF('Talhões'!A3="","",'Talhões'!B3) | C3: =IF('Talhões'!A3="","",SUMIFS('Lançamentos'!$H$2:$H$301,'Lançamentos'!$B$2:$B$301,A3)) | D3: =IF('Talhões'!A3="","",IFERROR(C3/B3,"")) | E3: =IF('Talhões'!A3="","",SUMIFS('Lançamentos'!$H$2:$H$301,'Lançamentos'!$B$2:$B$301,A3,'Lançamentos'!$C$2:$C$301,"Mão de obra")) | F3: =IF('Talhões'!A3="","",SUMIFS('Lançamentos'!$H$2:$H$301,'Lançamentos'!$B$2:$B$301,A3,'Lançamentos'!$C$2:$C$301,"Máquina")) | G3: =IF('Talhões'!A3="","",SUMIFS('Lançamentos'!$H$2:$H$301,'Lançamentos'!$B$2:$B$301,A3,'Lançamentos'!$C$2:$C$301,"Serviço")) | H3: =IF('Talhões'!A3="","",SUMIFS('Lançamentos'!$H$2:$H$301,'Lançamentos'!$B$2:$B$301,A3,'Lançamentos'!$C$2:$C$301,"Insumo")) | I3: =IF('Talhões'!A3="","",SUMIFS('Lançamentos'!$H$2:$H$301,'Lançamentos'!$B$2:$B$301,A3,'Lançamentos'!$C$2:$C$301,"Outros")) | J3: =IF('Talhões'!A3="","",SUMIFS('Colheita'!$C$2:$C$301,'Colheita'!$B$2:$B$301,A3)) | K3: =IF('Talhões'!A3="","",SUMIFS('Colheita'!$F$2:$F$301,'Colheita'!$B$2:$B$301,A3)) | L3: =IF('Talhões'!A3="","",K3-C3) | M3: =IF('Talhões'!A3="","",IF(J3=0,"",C3/J3)) | N3: =IF('Talhões'!A3="","",IFERROR(J3/B3,""))
A4: =IF('Talhões'!A4="","",'Talhões'!A4) | B4: =IF('Talhões'!A4="","",'Talhões'!B4) | C4: =IF('Talhões'!A4="","",SUMIFS('Lançamentos'!$H$2:$H$301,'Lançamentos'!$B$2:$B$301,A4)) | D4: =IF('Talhões'!A4="","",IFERROR(C4/B4,"")) | E4: =IF('Talhões'!A4="","",SUMIFS('Lançamentos'!$H$2:$H$301,'Lançamentos'!$B$2:$B$301,A4,'Lançamentos'!$C$2:$C$301,"Mão de obra")) | F4: =IF('Talhões'!A4="","",SUMIFS('Lançamentos'!$H$2:$H$301,'Lançamentos'!$B$2:$B$301,A4,'Lançamentos'!$C$2:$C$301,"Máquina")) | G4: =IF('Talhões'!A4="","",SUMIFS('Lançamentos'!$H$2:$H$301,'Lançamentos'!$B$2:$B$301,A4,'Lançamentos'!$C$2:$C$301,"Serviço")) | H4: =IF('Talhões'!A4="","",SUMIFS('Lançamentos'!$H$2:$H$301,'Lançamentos'!$B$2:$B$301,A4,'Lançamentos'!$C$2:$C$301,"Insumo")) | I4: =IF('Talhões'!A4="","",SUMIFS('Lançamentos'!$H$2:$H$301,'Lançamentos'!$B$2:$B$301,A4,'Lançamentos'!$C$2:$C$301,"Outros")) | J4: =IF('Talhões'!A4="","",SUMIFS('Colheita'!$C$2:$C$301,'Colheita'!$B$2:$B$301,A4)) | K4: =IF('Talhões'!A4="","",SUMIFS('Colheita'!$F$2:$F$301,'Colheita'!$B$2:$B$301,A4)) | L4: =IF('Talhões'!A4="","",K4-C4) | M4: =IF('Talhões'!A4="","",IF(J4=0,"",C4/J4)) | N4: =IF('Talhões'!A4="","",IFERROR(J4/B4,""))
A5: =IF('Talhões'!A5="","",'Talhões'!A5) | B5: =IF('Talhões'!A5="","",'Talhões'!B5) | C5: =IF('Talhões'!A5="","",SUMIFS('Lançamentos'!$H$2:$H$301,'Lançamentos'!$B$2:$B$301,A5)) | D5: =IF('Talhões'!A5="","",IFERROR(C5/B5,"")) | E5: =IF('Talhões'!A5="","",SUMIFS('Lançamentos'!$H$2:$H$301,'Lançamentos'!$B$2:$B$301,A5,'Lançamentos'!$C$2:$C$301,"Mão de obra")) | F5: =IF('Talhões'!A5="","",SUMIFS('Lançamentos'!$H$2:$H$301,'Lançamentos'!$B$2:$B$301,A5,'Lançamentos'!$C$2:$C$301,"Máquina")) | G5: =IF('Talhões'!A5="","",SUMIFS('Lançamentos'!$H$2:$H$301,'Lançamentos'!$B$2:$B$301,A5,'Lançamentos'!$C$2:$C$301,"Serviço")) | H5: =IF('Talhões'!A5="","",SUMIFS('Lançamentos'!$H$2:$H$301,'Lançamentos'!$B$2:$B$301,A5,'Lançamentos'!$C$2:$C$301,"Insumo")) | I5: =IF('Talhões'!A5="","",SUMIFS('Lançamentos'!$H$2:$H$301,'Lançamentos'!$B$2:$B$301,A5,'Lançamentos'!$C$2:$C$301,"Outros")) | J5: =IF('Talhões'!A5="","",SUMIFS('Colheita'!$C$2:$C$301,'Colheita'!$B$2:$B$301,A5)) | K5: =IF('Talhões'!A5="","",SUMIFS('Colheita'!$F$2:$F$301,'Colheita'!$B$2:$B$301,A5)) | L5: =IF('Talhões'!A5="","",K5-C5) | M5: =IF('Talhões'!A5="","",IF(J5=0,"",C5/J5)) | N5: =IF('Talhões'!A5="","",IFERROR(J5/B5,""))
A6: =IF('Talhões'!A6="","",'Talhões'!A6) | B6: =IF('Talhões'!A6="","",'Talhões'!B6) | C6: =IF('Talhões'!A6="","",SUMIFS('Lançamentos'!$H$2:$H$301,'Lançamentos'!$B$2:$B$301,A6)) | D6: =IF('Talhões'!A6="","",IFERROR(C6/B6,"")) | E6: =IF('Talhões'!A6="","",SUMIFS('Lançamentos'!$H$2:$H$301,'Lançamentos'!$B$2:$B$301,A6,'Lançamentos'!$C$2:$C$301,"Mão de obra")) | F6: =IF('Talhões'!A6="","",SUMIFS('Lançamentos'!$H$2:$H$301,'Lançamentos'!$B$2:$B$301,A6,'Lançamentos'!$C$2:$C$301,"Máquina")) | G6: =IF('Talhões'!A6="","",SUMIFS('Lançamentos'!$H$2:$H$301,'Lançamentos'!$B$2:$B$301,A6,'Lançamentos'!$C$2:$C$301,"Serviço")) | H6: =IF('Talhões'!A6="","",SUMIFS('Lançamentos'!$H$2:$H$301,'Lançamentos'!$B$2:$B$301,A6,'Lançamentos'!$C$2:$C$301,"Insumo")) | I6: =IF('Talhões'!A6="","",SUMIFS('Lançamentos'!$H$2:$H$301,'Lançamentos'!$B$2:$B$301,A6,'Lançamentos'!$C$2:$C$301,"Outros")) | J6: =IF('Talhões'!A6="","",SUMIFS('Colheita'!$C$2:$C$301,'Colheita'!$B$2:$B$301,A6)) | K6: =IF('Talhões'!A6="","",SUMIFS('Colheita'!$F$2:$F$301,'Colheita'!$B$2:$B$301,A6)) | L6: =IF('Talhões'!A6="","",K6-C6) | M6: =IF('Talhões'!A6="","",IF(J6=0,"",C6/J6)) | N6: =IF('Talhões'!A6="","",IFERROR(J6/B6,""))
A7: =IF('Talhões'!A7="","",'Talhões'!A7) | B7: =IF('Talhões'!A7="","",'Talhões'!B7) | C7: =IF('Talhões'!A7="","",SUMIFS('Lançamentos'!$H$2:$H$301,'Lançamentos'!$B$2:$B$301,A7)) | D7: =IF('Talhões'!A7="","",IFERROR(C7/B7,"")) | E7: =IF('Talhões'!A7="","",SUMIFS('Lançamentos'!$H$2:$H$301,'Lançamentos'!$B$2:$B$301,A7,'Lançamentos'!$C$2:$C$301,"Mão de obra")) | F7: =IF('Talhões'!A7="","",SUMIFS('Lançamentos'!$H$2:$H$301,'Lançamentos'!$B$2:$B$301,A7,'Lançamentos'!$C$2:$C$301,"Máquina")) | G7: =IF('Talhões'!A7="","",SUMIFS('Lançamentos'!$H$2:$H$301,'Lançamentos'!$B$2:$B$301,A7,'Lançamentos'!$C$2:$C$301,"Serviço")) | H7: =IF('Talhões'!A7="","",SUMIFS('Lançamentos'!$H$2:$H$301,'Lançamentos'!$B$2:$B$301,A7,'Lançamentos'!$C$2:$C$301,"Insumo")) | I7: =IF('Talhões'!A7="","",SUMIFS('Lançamentos'!$H$2:$H$301,'Lançamentos'!$B$2:$B$301,A7,'Lançamentos'!$C$2:$C$301,"Outros")) | J7: =IF('Talhões'!A7="","",SUMIFS('Colheita'!$C$2:$C$301,'Colheita'!$B$2:$B$301,A7)) | K7: =IF('Talhões'!A7="","",SUMIFS('Colheita'!$F$2:$F$301,'Colheita'!$B$2:$B$301,A7)) | L7: =IF('Talhões'!A7="","",K7-C7) | M7: =IF('Talhões'!A7="","",IF(J7=0,"",C7/J7)) | N7: =IF('Talhões'!A7="","",IFERROR(J7/B7,""))
A8: =IF('Talhões'!A8="","",'Talhões'!A8) | B8: =IF('Talhões'!A8="","",'Talhões'!B8) | C8: =IF('Talhões'!A8="","",SUMIFS('Lançamentos'!$H$2:$H$301,'Lançamentos'!$B$2:$B$301,A8)) | D8: =IF('Talhões'!A8="","",IFERROR(C8/B8,"")) | E8: =IF('Talhões'!A8="","",SUMIFS('Lançamentos'!$H$2:$H$301,'Lançamentos'!$B$2:$B$301,A8,'Lançamentos'!$C$2:$C$301,"Mão de obra")) | F8: =IF('Talhões'!A8="","",SUMIFS('Lançamentos'!$H$2:$H$301,'Lançamentos'!$B$2:$B$301,A8,'Lançamentos'!$C$2:$C$301,"Máquina")) | G8: =IF('Talhões'!A8="","",SUMIFS('Lançamentos'!$H$2:$H$301,'Lançamentos'!$B$2:$B$301,A8,'Lançamentos'!$C$2:$C$301,"Serviço")) | H8: =IF('Talhões'!A8="","",SUMIFS('Lançamentos'!$H$2:$H$301,'Lançamentos'!$B$2:$B$301,A8,'Lançamentos'!$C$2:$C$301,"Insumo")) | I8: =IF('Talhões'!A8="","",SUMIFS('Lançamentos'!$H$2:$H$301,'Lançamentos'!$B$2:$B$301,A8,'Lançamentos'!$C$2:$C$301,"Outros")) | J8: =IF('Talhões'!A8="","",SUMIFS('Colheita'!$C$2:$C$301,'Colheita'!$B$2:$B$301,A8)) | K8: =IF('Talhões'!A8="","",SUMIFS('Colheita'!$F$2:$F$301,'Colheita'!$B$2:$B$301,A8)) | L8: =IF('Talhões'!A8="","",K8-C8) | M8: =IF('Talhões'!A8="","",IF(J8=0,"",C8/J8)) | N8: =IF('Talhões'!A8="","",IFERROR(J8/B8,""))
A9: =IF('Talhões'!A9="","",'Talhões'!A9) | B9: =IF('Talhões'!A9="","",'Talhões'!B9) | C9: =IF('Talhões'!A9="","",SUMIFS('Lançamentos'!$H$2:$H$301,'Lançamentos'!$B$2:$B$301,A9)) | D9: =IF('Talhões'!A9="","",IFERROR(C9/B9,"")) | E9: =IF('Talhões'!A9="","",SUMIFS('Lançamentos'!$H$2:$H$301,'Lançamentos'!$B$2:$B$301,A9,'Lançamentos'!$C$2:$C$301,"Mão de obra")) | F9: =IF('Talhões'!A9="","",SUMIFS('Lançamentos'!$H$2:$H$301,'Lançamentos'!$B$2:$B$301,A9,'Lançamentos'!$C$2:$C$301,"Máquina")) | G9: =IF('Talhões'!A9="","",SUMIFS('Lançamentos'!$H$2:$H$301,'Lançamentos'!$B$2:$B$301,A9,'Lançamentos'!$C$2:$C$301,"Serviço")) | H9: =IF('Talhões'!A9="","",SUMIFS('Lançamentos'!$H$2:$H$301,'Lançamentos'!$B$2:$B$301,A9,'Lançamentos'!$C$2:$C$301,"Insumo")) | I9: =IF('Talhões'!A9="","",SUMIFS('Lançamentos'!$H$2:$H$301,'Lançamentos'!$B$2:$B$301,A9,'Lançamentos'!$C$2:$C$301,"Outros")) | J9: =IF('Talhões'!A9="","",SUMIFS('Colheita'!$C$2:$C$301,'Colheita'!$B$2:$B$301,A9)) | K9: =IF('Talhões'!A9="","",SUMIFS('Colheita'!$F$2:$F$301,'Colheita'!$B$2:$B$301,A9)) | L9: =IF('Talhões'!A9="","",K9-C9) | M9: =IF('Talhões'!A9="","",IF(J9=0,"",C9/J9)) | N9: =IF('Talhões'!A9="","",IFERROR(J9/B9,""))
A10: =IF('Talhões'!A10="","",'Talhões'!A10) | B10: =IF('Talhões'!A10="","",'Talhões'!B10) | C10: =IF('Talhões'!A10="","",SUMIFS('Lançamentos'!$H$2:$H$301,'Lançamentos'!$B$2:$B$301,A10)) | D10: =IF('Talhões'!A10="","",IFERROR(C10/B10,"")) | E10: =IF('Talhões'!A10="","",SUMIFS('Lançamentos'!$H$2:$H$301,'Lançamentos'!$B$2:$B$301,A10,'Lançamentos'!$C$2:$C$301,"Mão de obra")) | F10: =IF('Talhões'!A10="","",SUMIFS('Lançamentos'!$H$2:$H$301,'Lançamentos'!$B$2:$B$301,A10,'Lançamentos'!$C$2:$C$301,"Máquina")) | G10: =IF('Talhões'!A10="","",SUMIFS('Lançamentos'!$H$2:$H$301,'Lançamentos'!$B$2:$B$301,A10,'Lançamentos'!$C$2:$C$301,"Serviço")) | H10: =IF('Talhões'!A10="","",SUMIFS('Lançamentos'!$H$2:$H$301,'Lançamentos'!$B$2:$B$301,A10,'Lançamentos'!$C$2:$C$301,"Insumo")) | I10: =IF('Talhões'!A10="","",SUMIFS('Lançamentos'!$H$2:$H$301,'Lançamentos'!$B$2:$B$301,A10,'Lançamentos'!$C$2:$C$301,"Outros")) | J10: =IF('Talhões'!A10="","",SUMIFS('Colheita'!$C$2:$C$301,'Colheita'!$B$2:$B$301,A10)) | K10: =IF('Talhões'!A10="","",SUMIFS('Colheita'!$F$2:$F$301,'Colheita'!$B$2:$B$301,A10)) | L10: =IF('Talhões'!A10="","",K10-C10) | M10: =IF('Talhões'!A10="","",IF(J10=0,"",C10/J10)) | N10: =IF('Talhões'!A10="","",IFERROR(J10/B10,""))
A11: =IF('Talhões'!A11="","",'Talhões'!A11) | B11: =IF('Talhões'!A11="","",'Talhões'!B11) | C11: =IF('Talhões'!A11="","",SUMIFS('Lançamentos'!$H$2:$H$301,'Lançamentos'!$B$2:$B$301,A11)) | D11: =IF('Talhões'!A11="","",IFERROR(C11/B11,"")) | E11: =IF('Talhões'!A11="","",SUMIFS('Lançamentos'!$H$2:$H$301,'Lançamentos'!$B$2:$B$301,A11,'Lançamentos'!$C$2:$C$301,"Mão de obra")) | F11: =IF('Talhões'!A11="","",SUMIFS('Lançamentos'!$H$2:$H$301,'Lançamentos'!$B$2:$B$301,A11,'Lançamentos'!$C$2:$C$301,"Máquina")) | G11: =IF('Talhões'!A11="","",SUMIFS('Lançamentos'!$H$2:$H$301,'Lançamentos'!$B$2:$B$301,A11,'Lançamentos'!$C$2:$C$301,"Serviço")) | H11: =IF('Talhões'!A11="","",SUMIFS('Lançamentos'!$H$2:$H$301,'Lançamentos'!$B$2:$B$301,A11,'Lançamentos'!$C$2:$C$301,"Insumo")) | I11: =IF('Talhões'!A11="","",SUMIFS('Lançamentos'!$H$2:$H$301,'Lançamentos'!$B$2:$B$301,A11,'Lançamentos'!$C$2:$C$301,"Outros")) | J11: =IF('Talhões'!A11="","",SUMIFS('Colheita'!$C$2:$C$301,'Colheita'!$B$2:$B$301,A11)) | K11: =IF('Talhões'!A11="","",SUMIFS('Colheita'!$F$2:$F$301,'Colheita'!$B$2:$B$301,A11)) | L11: =IF('Talhões'!A11="","",K11-C11) | M11: =IF('Talhões'!A11="","",IF(J11=0,"",C11/J11)) | N11: =IF('Talhões'!A11="","",IFERROR(J11/B11,""))
A12: =IF('Talhões'!A12="","",'Talhões'!A12) | B12: =IF('Talhões'!A12="","",'Talhões'!B12) | C12: =IF('Talhões'!A12="","",SUMIFS('Lançamentos'!$H$2:$H$301,'Lançamentos'!$B$2:$B$301,A12)) | D12: =IF('Talhões'!A12="","",IFERROR(C12/B12,"")) | E12: =IF('Talhões'!A12="","",SUMIFS('Lançamentos'!$H$2:$H$301,'Lançamentos'!$B$2:$B$301,A12,'Lançamentos'!$C$2:$C$301,"Mão de obra")) | F12: =IF('Talhões'!A12="","",SUMIFS('Lançamentos'!$H$2:$H$301,'Lançamentos'!$B$2:$B$301,A12,'Lançamentos'!$C$2:$C$301,"Máquina")) | G12: =IF('Talhões'!A12="","",SUMIFS('Lançamentos'!$H$2:$H$301,'Lançamentos'!$B$2:$B$301,A12,'Lançamentos'!$C$2:$C$301,"Serviço")) | H12: =IF('Talhões'!A12="","",SUMIFS('Lançamentos'!$H$2:$H$301,'Lançamentos'!$B$2:$B$301,A12,'Lançamentos'!$C$2:$C$301,"Insumo")) | I12: =IF('Talhões'!A12="","",SUMIFS('Lançamentos'!$H$2:$H$301,'Lançamentos'!$B$2:$B$301,A12,'Lançamentos'!$C$2:$C$301,"Outros")) | J12: =IF('Talhões'!A12="","",SUMIFS('Colheita'!$C$2:$C$301,'Colheita'!$B$2:$B$301,A12)) | K12: =IF('Talhões'!A12="","",SUMIFS('Colheita'!$F$2:$F$301,'Colheita'!$B$2:$B$301,A12)) | L12: =IF('Talhões'!A12="","",K12-C12) | M12: =IF('Talhões'!A12="","",IF(J12=0,"",C12/J12)) | N12: =IF('Talhões'!A12="","",IFERROR(J12/B12,""))
A13: =IF('Talhões'!A13="","",'Talhões'!A13) | B13: =IF('Talhões'!A13="","",'Talhões'!B13) | C13: =IF('Talhões'!A13="","",SUMIFS('Lançamentos'!$H$2:$H$301,'Lançamentos'!$B$2:$B$301,A13)) | D13: =IF('Talhões'!A13="","",IFERROR(C13/B13,"")) | E13: =IF('Talhões'!A13="","",SUMIFS('Lançamentos'!$H$2:$H$301,'Lançamentos'!$B$2:$B$301,A13,'Lançamentos'!$C$2:$C$301,"Mão de obra")) | F13: =IF('Talhões'!A13="","",SUMIFS('Lançamentos'!$H$2:$H$301,'Lançamentos'!$B$2:$B$301,A13,'Lançamentos'!$C$2:$C$301,"Máquina")) | G13: =IF('Talhões'!A13="","",SUMIFS('Lançamentos'!$H$2:$H$301,'Lançamentos'!$B$2:$B$301,A13,'Lançamentos'!$C$2:$C$301,"Serviço")) | H13: =IF('Talhões'!A13="","",SUMIFS('Lançamentos'!$H$2:$H$301,'Lançamentos'!$B$2:$B$301,A13,'Lançamentos'!$C$2:$C$301,"Insumo")) | I13: =IF('Talhões'!A13="","",SUMIFS('Lançamentos'!$H$2:$H$301,'Lançamentos'!$B$2:$B$301,A13,'Lançamentos'!$C$2:$C$301,"Outros")) | J13: =IF('Talhões'!A13="","",SUMIFS('Colheita'!$C$2:$C$301,'Colheita'!$B$2:$B$301,A13)) | K13: =IF('Talhões'!A13="","",SUMIFS('Colheita'!$F$2:$F$301,'Colheita'!$B$2:$B$301,A13)) | L13: =IF('Talhões'!A13="","",K13-C13) | M13: =IF('Talhões'!A13="","",IF(J13=0,"",C13/J13)) | N13: =IF('Talhões'!A13="","",IFERROR(J13/B13,""))
... A41: =IF('Talhões'!A41="","",'Talhões'!A41) | B41: =IF('Talhões'!A41="","",'Talhões'!B41) | C41: =IF('Talhões'!A41="","",SUMIFS('Lançamentos'!$H$2:$H$301,'Lançamentos'!$B$2:$B$301,A41)) | D41: =IF('Talhões'!A41="","",IFERROR(C41/B41,"")) | E41: =IF('Talhões'!A41="","",SUMIFS('Lançamentos'!$H$2:$H$301,'Lançamentos'!$B$2:$B$301,A41,'Lançamentos'!$C$2:$C$301,"Mão de obra")) | F41: =IF('Talhões'!A41="","",SUMIFS('Lançamentos'!$H$2:$H$301,'Lançamentos'!$B$2:$B$301,A41,'Lançamentos'!$C$2:$C$301,"Máquina")) | G41: =IF('Talhões'!A41="","",SUMIFS('Lançamentos'!$H$2:$H$301,'Lançamentos'!$B$2:$B$301,A41,'Lançamentos'!$C$2:$C$301,"Serviço")) | H41: =IF('Talhões'!A41="","",SUMIFS('Lançamentos'!$H$2:$H$301,'Lançamentos'!$B$2:$B$301,A41,'Lançamentos'!$C$2:$C$301,"Insumo")) | I41: =IF('Talhões'!A41="","",SUMIFS('Lançamentos'!$H$2:$H$301,'Lançamentos'!$B$2:$B$301,A41,'Lançamentos'!$C$2:$C$301,"Outros")) | J41: =IF('Talhões'!A41="","",SUMIFS('Colheita'!$C$2:$C$301,'Colheita'!$B$2:$B$301,A41)) | K41: =IF('Talhões'!A41="","",SUMIFS('Colheita'!$F$2:$F$301,'Colheita'!$B$2:$B$301,A41)) | L41: =IF('Talhões'!A41="","",K41-C41) | M41: =IF('Talhões'!A41="","",IF(J41=0,"",C41/J41)) | N41: =IF('Talhões'!A41="","",IFERROR(J41/B41,""))
A42: Total | B42: =SUM(B2:B41) | C42: =SUM(C2:C41) | D42: =IFERROR(C42/B42,"") | E42: =SUM(E2:E41) | F42: =SUM(F2:F41) | G42: =SUM(G2:G41) | H42: =SUM(H2:H41) | I42: =SUM(I2:I41) | K42: =SUM(K2:K41) | L42: =SUM(L2:L41)

Sheet Talhões
A1: Talhão | B1: Área (ha) | C1: Cultura
A2: Exemplo – Talhão de cima | B2: 12.1 | C2: Soja
A3: Exemplo – Baixada | B3: 4.84 | C3: Milho

Sheet Lançamentos
A1: Data | B1: Talhão | C1: Tipo de custo | D1: Descrição | E1: Quantidade | F1: Unidade | G1: Valor unitário (R$) | H1: Total (R$)
A2: 46280 | B2: Exemplo – Talhão de cima | C2: Insumo | D2: Semente de soja | E2: 30 | F2: saco | G2: 380 | H2: =IF(OR(E2="",G2=""),"",E2*G2)
A3: 46280 | B3: Exemplo – Talhão de cima | C3: Máquina | D3: Plantio (hora máquina) | E3: 8 | F3: hora | G3: 250 | H3: =IF(OR(E3="",G3=""),"",E3*G3)
A4: 46297 | B4: Exemplo – Talhão de cima | C4: Mão de obra | D4: Diária aplicação | E4: 2 | F4: diária | G4: 150 | H4: =IF(OR(E4="",G4=""),"",E4*G4)
A5: 46300 | B5: Exemplo – Baixada | C5: Insumo | D5: Adubo NPK 08-28-16 | E5: 20 | F5: saco | G5: 165 | H5: =IF(OR(E5="",G5=""),"",E5*G5)
H6: =IF(OR(E6="",G6=""),"",E6*G6)
H7: =IF(OR(E7="",G7=""),"",E7*G7)
H8: =IF(OR(E8="",G8=""),"",E8*G8)
H9: =IF(OR(E9="",G9=""),"",E9*G9)
H10: =IF(OR(E10="",G10=""),"",E10*G10)
H11: =IF(OR(E11="",G11=""),"",E11*G11)
H12: =IF(OR(E12="",G12=""),"",E12*G12)
H13: =IF(OR(E13="",G13=""),"",E13*G13)
H14: =IF(OR(E14="",G14=""),"",E14*G14)
H15: =IF(OR(E15="",G15=""),"",E15*G15)
H16: =IF(OR(E16="",G16=""),"",E16*G16)
H17: =IF(OR(E17="",G17=""),"",E17*G17)
... H301: =IF(OR(E301="",G301=""),"",E301*G301)

Sheet Colheita
A1: Data | B1: Talhão | C1: Quantidade | D1: Unidade | E1: Preço por unidade (R$) | F1: Receita (R$) | G1: Comprador
A2: 46438 | B2: Exemplo – Talhão de cima | C2: 720 | D2: saca | E2: 118 | F2: =IF(OR(C2="",E2=""),"",C2*E2) | G2: Cooperativa
F3: =IF(OR(C3="",E3=""),"",C3*E3)
F4: =IF(OR(C4="",E4=""),"",C4*E4)
F5: =IF(OR(C5="",E5=""),"",C5*E5)
F6: =IF(OR(C6="",E6=""),"",C6*E6)
F7: =IF(OR(C7="",E7=""),"",C7*E7)
F8: =IF(OR(C8="",E8=""),"",C8*E8)
F9: =IF(OR(C9="",E9=""),"",C9*E9)
F10: =IF(OR(C10="",E10=""),"",C10*E10)
F11: =IF(OR(C11="",E11=""),"",C11*E11)
F12: =IF(OR(C12="",E12=""),"",C12*E12)
F13: =IF(OR(C13="",E13=""),"",C13*E13)
F14: =IF(OR(C14="",E14=""),"",C14*E14)
... F301: =IF(OR(C301="",E301=""),"",C301*E301)
